 Dungeon Crawl Stone Soup version 0.26.0-45-g9c1d065592 (webtiles) character file.

Game seed: 3102160325171758188

(classic levelgen) 47 thiole the Stinger (level 3, -1/24 HPs)
             Began as an Octopode Venom Mage on Jan 30, 2021.
             Slain by a worm (11 damage)
             ... on level 2 of the Dungeon.
             The game lasted 00:02:57 (1217 turns).

thiole the Stinger (Octopode Venom Mage)            Turns: 1217, Time: 00:02:57

Health: -1/24      AC:  1    Str:  7    XL:     3   Next: 70%
Magic:  0/6        EV: 13    Int: 24    God:
Gold:   44         SH:  0    Dex: 12    Spells: 5/6 levels left

rFire    . . .     SeeInvis .   (no weapon)
rCold    . . .     Faith    .   (no shield)
rNeg     + . .     Spirit   .   (helmet restricted)
rPois    .         Reflect  .   (no amulet)
rElec    .         Harm     .   d - +6 ring of intelligence
rCorr    .         Rampage  .   f - ring of positive energy
Will     .....                  (no ring)
Stlth    +++.......             (no ring)
HPRegen  0.08/turn              (no ring)
MPRegen  0.10/turn              (no ring)
                                (no ring)
                                (no ring)

@: no status effects
A: almost no armour, stealthy swim, amphibious, 8 rings, constrict 8, camouflage
1, gelatinous body 1
a: no special abilities


You were on level 2 of the Dungeon.
You visited 1 branch of the dungeon, and saw 2 of its levels.

You collected 44 gold pieces.

Inventory:

Jewellery
 c - an uncursed amulet of inaccuracy
 d - a +6 ring of intelligence (left tentacle)
 f - a ring of positive energy (right tentacle)
Scrolls
 e - 2 scrolls of identify {unknown}
Potions
 a - a potion of brilliance {unknown}
 b - a potion of ambrosia {unknown}


   Skills:
 - Level 2.0 Fighting
 - Level 2.0 Dodging
 - Level 2.6 Stealth
 - Level 2.0 Spellcasting
 + Level 1.2 Conjurations
 - Level 1.0 Transmutations
 + Level 1.2 Air Magic
 - Level 4.0 Poison Magic


You had 5 spell levels left.
You knew the following spells:

 Your Spells              Type           Power        Failure   Level
a - Sting                 Tmut/Pois      56%          4%          1

Your spell library contained the following spells:

 Spells                   Type           Power        Failure   Level
 Poisonous Vapours        Pois/Air       28%          6%          2
 Mephitic Cloud           Conj/Pois/Air  12%          16%         3
 Ignite Poison            Fire/Tmut/Pois 10%          19%         3
 Olgreb's Toxic Radiance  Pois           21%          22%         4


Dungeon Overview and Level Annotations

Branches:
Dungeon (2/15)

Altars:


Innate Abilities, Weirdness & Mutations

You cannot wear most types of armour.
You are very stealthy in the water. (Stealth+)
You are amphibious.
You can wear up to eight rings at the same time.
You can use your tentacles to constrict eight enemies at once.
Your skin changes colour to match your surroundings (Stealth+).
Your rubbery body absorbs attacks. (AC +1, EV +1)


Message History

You constrict the worm, but do no damage.
The worm bites you!
You tentacle-slap the worm but do no damage.
The worm is lightly wounded.
You constrict the worm.
You tentacle-slap the worm but do no damage.
The worm is moderately wounded.
You constrict the worm. The worm barely misses you.
Casting: Sting (safe; 4% risk of failure)
Confirm with . or Enter, or press ? or * to list all spells.
Aiming: Sting (safe; 4% risk of failure)
Press: ? - help, Shift-Dir - straight line, f/p - worm
Aim: a worm (heavily wounded, constricted by you, poisoned, 0% to evade)
The sting hits the worm.
The worm looks even sicker.
The worm is heavily wounded.
You constrict the worm.
You tentacle-slap the worm but do no damage.
The worm is severely wounded.
You constrict the worm. The worm bites you!
You die...

...# #####.? #.<# .##
...## #... ....##
#########..# # .....##
#..........# ..
......###....$.....##.#
......................#
....................####
.....####.......@w......
.[...# #.............#.
.....## #..........##.#
......###..........#
..........##########
..........# ..........#
..........# ..........#


You could see a worm (very poisoned).

Vanquished Creatures
  3 dart slugs
  2 leopard geckos (D:1)
  5 bats (D:1)
  3 giant cockroaches (D:1)
  9 goblins
  A hobgoblin (D:1)
  4 jackals (D:2)
  A ball python (D:2)
  2 frilled lizards (D:1)
  3 kobolds
  3 rats
36 creatures vanquished.

Notes
Turn   | Place    | Note
-------+----------+-------------------------------------------
     0 | D:1      | thiole the Octopode Venom Mage began the quest for the Orb.
     0 | D:1      | Reached XP level 1. HP: 11/11 MP: 3/3
    68 | D:1      | Reached skill level 4 in Poison Magic
   334 | D:1      | Reached XP level 2. HP: 18/18 MP: 3/5
   365 | D:1      | Reached skill level 1 in Fighting
   719 | D:1      | Reached XP level 3. HP: 23/24 MP: 1/6
  1076 | D:2      | Reached skill level 1 in Conjurations
  1076 | D:2      | Reached skill level 1 in Air Magic
  1217 | D:2      | Slain by a worm

Illustrated notes

Levels and vault maps discovered:
D:1:      wander_arrival_peaceful_grave, layout_rooms
D:2:      layout_rooms

Skill      XL: |  1  2  3 |
---------------+----------+-----
Poison Magic   | 4 |  4.0
Fighting       | 2 |  2.0
Conjurations   | 1 |  1.2
Air Magic      | 1 |  1.2
Dodging        | |  2.0
Stealth        | |  2.6
Spellcasting   | |  2.0
Transmutations | |  1.0

Action                   || total
-------------------------++-------
Melee: Unarmed           ||    25
       Constrict         ||    11
       Tentacles         ||     3
 Cast: Sting             ||    55
  Use: Scroll            ||     2
Armor: Skin              ||     3
Dodge: Dodged            ||    27
